 Dungeon Crawl Stone Soup version 0.29-a0-613-gf2c431b9b9 (webtiles) character file.

Game seed: 3255499546525492915

142 schauveau the Chopper (level 5, -12/46 (47) HPs)
             Began as a Hill Orc Berserker on June 16, 2022.
             Was a Believer of Trog.
             Mangled by an ogre
             ... wielding a +0 giant club
              (13 damage)
             ... on level 3 of the Dungeon.
             The game lasted 00:09:14 (3002 turns).

schauveau the Chopper (Hill Orc Berserker)          Turns: 3002, Time: 00:09:15

HP:   -12/46 (47)   AC: 10    Str: 28    XL:     5   Next: 24%
MP:   5/5           EV:  9    Int:  7    God:    Trog [**....]
Gold: 110           SH:  0    Dex: 10    Spells: 4/4 levels left

rFire   . . .      SeeInvis .   a - +0 hand axe
rCold   . . .      Faith    .   (no shield)
rNeg    . . .      Spirit   .   j - +0 chain mail
rPois   .          Reflect  .   (no helmet)
rElec   .          Harm     .   n - +0 cloak
rCorr   .          Rampage  .   (no gloves)
Will    .....                   (no boots)
Stlth   ..........              (no amulet)
HPRegen 0.15/turn               i - +6 ring of strength
MPRegen 0.09/turn               (no ring)

@: lightly drained
A: no striking features
a: Renounce Religion, Berserk, Trog's Hand


You were on level 3 of the Dungeon.
You worshipped Trog.
Trog was pleased with you.
You visited 1 branch of the dungeon, and saw 4 of its levels.

You collected 110 gold pieces.

Inventory:

Hand Weapons
 a - a +0 hand axe (weapon)
Missiles
 t - a throwing net (quivered)
Armour
 j - a +0 chain mail (worn)
 n - a +0 cloak (worn)
Jewellery
 i - a +6 ring of strength (left hand)
Scrolls
 b - a scroll of fog {unknown}
 c - a scroll of immolation {unknown}
 d - a scroll of vulnerability {unknown}
 e - a scroll of summoning {unknown}
 h - a scroll of magic mapping {unknown}
 p - 2 scrolls of enchant armour {unknown}
 r - 3 scrolls of poison {unknown}
 s - a scroll of identify {unknown}
Potions
 f - a potion of resistance {unknown}
 g - 5 potions of curing {unknown}
 k - a potion of ambrosia {unknown}
 l - a potion of heal wounds {unknown}
 m - 2 potions of cancellation {unknown}
 o - a potion of mutation {unknown}
 q - a potion of might {unknown}


   Skills:
 + Level 4.4 Fighting
 * Level 6.3 Axes
 + Level 3.0 Armour
 + Level 2.0 Dodging


You had 4 spell levels left.
You didn't know any spells.
Your spell library was empty.

Dungeon Overview and Level Annotations

Branches:
Dungeon (4/15)
 Temple: D:4-7

Altars:
Trog
The Shining One

Shops:
D:2 =


Message History

You hit the goblin.
You kill the goblin!
Trog accepts your kill.
Things that are here:
5 stones; a +0 animal skin
Things that are here:
5 stones; a +0 animal skin
Items here: ( [[ ††.
Things that are here:
a +0 animal skin; 56 stones; a +0 animal skin
t - a throwing net You see here a +0 animal skin.
You see here a frilled lizard corpse.
Found a stone staircase leading up.
A hobgoblin comes into view.
The hobgoblin shouts!
The hobgoblin moves out of view.
The hobgoblin closely misses you.
An ogre comes into view. It is wielding a +0 giant club.
The hobgoblin hits you.
You see here 6 gold pieces.
You barely miss the hobgoblin.
The ogre shouts!
The hobgoblin hits you but does no damage.
You slash the ogre!
The ogre is moderately wounded.
You hit the hobgoblin but do no damage.
The ogre hits you with a +0 giant club!!
The hobgoblin hits you but does no damage.
You hit the hobgoblin.
You kill the hobgoblin!
Trog accepts your kill.
You hit the ogre.
You are too injured to fight recklessly!
The ogre hits you with a +0 giant club!!
* * * LOW HITPOINT WARNING * * *
You see here a hobgoblin corpse.
Unknown command.
The ogre attacks as you move away! The ogre hits you with a +0 giant club!
You die...

##. #+# ##.. #.# #..†
##.#######..
#.......###. #####
##...###.# #. ...#
#.....##.# #. #
####.####...###.###.
#..##$O@................
#..<.†##.####..#########
##.......# #..# ##...#
######### #....##.≈≈..
##.####..≈≈≈ .# ##_(..(
.# ##..≈≈≈ .# ##.≈≈..
##...#


You could see an ogre.

Vanquished Creatures
  3 adders
  4 gnolls
  3 dart slugs
  An orc (D:3)
  3 ball pythons
  3 endoplasms
  3 giant cockroaches
  6 goblins
  4 hobgoblins
  10 jackals (D:1)
  3 quokkas
  3 bats
  3 frilled lizards
  12 kobolds
  6 rats
67 creatures vanquished.

Notes
Turn   | Place    | Note
-------+----------+-------------------------------------------
     0 | D:1      | schauveau the Hill Orc Berserker began the quest for the
                  | Orb.
     0 | D:1      | Reached XP level 1. HP: 19/19 MP: 1/1
    97 | D:1      | Reached XP level 2. HP: 17/27 MP: 2/2
   385 | D:1      | Found a faded altar of an unknown god.
   567 | D:1      | Reached XP level 3. HP: 31/33 MP: 3/3
   572 | D:1      | Reached skill level 5 in Axes
   765 | D:1      | Reached ** piety under Trog
   821 | D:1      | Reached XP level 4. HP: 3/40 MP: 4/4
  1494 | D:2      | Identified the +3 leather armour of Tonimidoo {+Inv rElec
                  | Will++ Int-5}
  1550 | D:2      | Found Xineat's Jewellery Boutique.
  1636 | D:2      | Found a glowing golden altar of the Shining One.
  2156 | D:2      | Reached skill level 6 in Axes
  2601 | D:3      | Reached XP level 5. HP: 41/47 MP: 5/5
  2924 | D:3      | Found a bloodstained altar of Trog.
  2995 | D:3      | Noticed an ogre
  2999 | D:3      | HP: 1/46 [ogre/+0 giant club (22)]
  3002 | D:3      | Mangled by an ogre

Illustrated notes

Levels and vault maps discovered:
D:1:      lightli_arrival_chessboard, layout_rooms,
          hellmonk_ecumenical_altar_heavens_door, minmay_stone_trees_small
D:2:      layout_basic, serial_shops, nicolae_lakefront_shop, basic_altar
D:3:      layout_loops_corners, trog_hazing_becter
D:4:      layout_cave_pools, minmay_temple_entry_water_ring

Skill      XL: |  1  2  3  4  5 |
---------------+----------------+-----
Fighting       | 4 |  4.4
Axes           | 5 6 |  6.3
Armour         | 3 |  3.0
Dodging        | 2 |  2.0

Action                   |  1- 3 |  4- 6 || total
-------------------------+-------+-------++-------
Melee: Hand axe          |   109 |   135 ||   244
Armor: Ring mail         |    34 |       ||    34
       Animal skin       |     1 |       ||     1
       Chain mail        |    16 |    69 ||    85
Dodge: Dodged            |    74 |    62 ||   136

Table legend: (Time is in decaauts)
 A = Elapsed time spent in this place.
 B = Non-inter-level travel time spent in this place.
 C = Inter-level travel time spent in this place.
 D = Time resting spent in this place.
 E = Time spent auto-exploring this place.
 F = Levels seen in this place.
 G = Mean time per level.
                   A        B        C        D        E       F      G
               +--------+--------+--------+--------+--------+-----+--------+
         Total |   3012 |   2916 |     96 |    410 |   1255 |   4 |  753.0 |
       Dungeon |   3012 |   2916 |     96 |    410 |   1255 |   4 |  753.0 |
               +--------+--------+--------+--------+--------+-----+--------+

Top non-repeatable levels by time:
     D:1: 1327 daAuts
     D:2: 1197 daAuts
     D:3: 486 daAuts
     D:4: 1 daAuts
